 Dungeon Sprint DCSS version 0.19-b1-4-gd8a0a2a (webtiles) character file.

5257 LORDOFBUTT the Severer (level 10, -6/105 HPs)
             Began as a Hill Orc Monk on Oct 31, 2016.
             Was the Champion of Beogh.
             Mangled by a quicksilver dragon (7 damage)
             ... summoned by Dudya
             ... in the Dungeon (Sprint V: "Ziggurat Sprint").
             The game lasted 00:06:43 (1596 turns).

LORDOFBUTT the Severer (Hill Orc Monk)              Turns: 1596, Time: 00:06:43

Health: -6/105     AC: 21    Str: 25    XL:     10   Next: 62%
Magic:  6/13       EV:  7    Int: 13    God:    Beogh [******]
Gold:   0          SH:  0    Dex: 10    Spells: 0 memorised, 9 levels left

rFire  + + +     SeeInvis +     I - +14 obsidian axe {chop, +Fly SInv *Curse} (curse)
rCold  + . .     Gourm    .     z - +5 gold dragon scales
rNeg   . . .     Faith    .     (no shield)
rPois  +         Spirit   .     (no helmet)
rElec  .         Reflect  .     (no cloak)
rCorr  .         Harm     .     (no gloves)
MR     .....     NoTele   +     (no boots)
Stlth  ..........               (no amulet)
                                M - ring of Dyanykkeemy {rF++ Str+2 Int+3 Dex-4 Stlth+}
                                C - +6 ring of strength

@: mesmerised, drained
A: walk on water
a: Smiting, Recall Orcish Followers, Give Item to Named Follower, Resurrection,
Renounce Religion, Evoke Flight


You were in the Dungeon.
You worshipped Beogh.
Beogh was exalted by your worship.
You were full.

You visited 1 branch

Inventory:

Hand Weapons
 y - a +9 executioner's axe
 I - the cursed +14 obsidian axe (weapon) {chop, +Fly SInv *Curse}
   (You found it in the Dungeon)

   It inflicts extra damage upon your enemies.
   It lets you see invisible.
   It lets you fly.
   It may re-curse itself when equipped.
   It has a curse placed upon it.
 J - a +5 battleaxe
 K - a +5 broad axe
Armour
 z - +5 gold dragon scales (worn)
Jewellery
 a - a +6 ring of dexterity
 b - a +6 ring of dexterity
 A - a +6 ring of intelligence
 B - a +6 ring of intelligence
 C - a +6 ring of strength (left hand)
 D - a +6 ring of strength
 M - the ring of Dyanykkeemy (right hand) {rF++ Str+2 Int+3 Dex-4 Stlth+}
   (You found it in the Dungeon)

   [ring of stealth]

   It affects your strength (+2).
   It affects your intelligence (+3).
   It affects your dexterity (-4).
   It greatly protects you from fire.
   It makes you more stealthy.
 Q - a +4 ring of dexterity
 R - a +4 ring of protection
 S - the ring "Yhustrei" {Ice rPois Str-3 Int+6 Dex+2}
   (You found it in the Dungeon)

   [ring of ice]

   It enhances your ice magic.
   It affects your strength (-3).
   It affects your intelligence (+6).
   It affects your dexterity (+2).
   It makes you vulnerable to fire.
   It protects you from cold.
   It protects you from poison.
 T - a +1 ring of evasion
Wands
 E - a wand of disintegration (7/24)
 F - a wand of iceblast (5/15)
 G - a wand of lightning (5/15)
 H - a wand of acid (5/15)
Scrolls
 i - 4 scrolls of blinking
 p - 4 scrolls of amnesia
 q - 3 scrolls of recharging
 r - 7 scrolls of fog
 s - a scroll of holy word
 t - 5 scrolls of identify
 u - 5 scrolls of remove curse
 v - 2 scrolls of fear
 U - 4 scrolls of enchant weapon
Potions
 d - 10 potions of curing
 e - 9 potions of heal wounds
 f - 6 potions of haste
 g - 7 potions of magic
 h - 3 potions of berserk rage
 j - 2 potions of brilliance
 k - 2 potions of invisibility
 l - 4 potions of resistance
 m - a potion of experience
 n - 5 potions of agility
 o - 5 potions of might
Books
 L - a book of the Warp

   Spells                             Type                      Level
   a - Gell's Gravitas                Hexes/Translocation          3
   b - Portal Projectile              Translocation                3
   c - Force Lance                    Conjuration/Translocation    4
   d - Dispersal                      Translocation                6
   e - Controlled Blink               Translocation                8
   f - Disjunction                    Translocation                8
 N - the Guide on Aerial Evil
   (You found it in the Dungeon)

   Spells                             Type                      Level
   a - Lightning Bolt                 Conjuration/Air              5
   b - Death Channel                  Necromancy                   6
 O - a book of Beasts

   Spells                             Type                      Level
   a - Summon Butterflies             Summoning                    1
   b - Call Canine Familiar           Summoning                    3
   c - Summon Ice Beast               Ice/Summoning                4
   d - Summon Mana Viper              Hexes/Summoning              5
   e - Summon Hydra                   Summoning                    7
 P - a Young Poisoner's Handbook

   Spells                             Type                      Level
   a - Sting                          Conjuration/Poison           1
   b - Mephitic Cloud                 Conjuration/Poison/Air       3
   c - Olgreb's Toxic Radiance        Poison                       4
   d - Alistair's Intoxication        Transmutation/Poison         5
   e - Venom Bolt                     Conjuration/Poison           5
Comestibles
 c - 5 bread rations
 w - 34 fruits
 x - 4 meat rations


   Skills:
 + Level 15.3(14.3) Fighting
 + Level 19.2(18.1) Axes
 + Level 9.7(8.9) Armour
 + Level 8.2(7.3) Dodging
 + Level 4.1(3.4) Stealth
 + Level 5.0(4.2) Invocations


You had 9 spell levels left.
You didn't know any spells.

Dungeon Overview and Level Annotations

Branches:
Dungeon (1/1)

Altars:
Ashenzari
Cheibriados
Dithmenos
Elyvilon
Fedhas
Gozag
Hepliaklqana
Kikubaaqudgha
Makhleb
Nemelex Xobeh
Okawaru
Qazlal
Ru
Sif Muna
Trog
Uskayaw
Vehumet
Xom
Yredelemnul
Zin
The Shining One
Beogh
Jiyva
Lugonu


Message History

Warbeogh completely misses the quicksilver dragon.
Unknown command.
You slice the reaper!!
The reaper is moderately wounded.
You slice the Executioner!! You open a gate to Pandemonium!
A demon appears!
You slash Dudya! You hit the quicksilver dragon. You hit Wastatys.
You open a gate to Pandemonium!
A demon appears!
It doesn't seem very happy.
Visions of slaying Wastatys flood into your mind.
The Executioner barely misses you.
The Executioner hits you but does no damage. x2
The Executioner hits you!
* * * LOW HITPOINT WARNING * * *
The Executioner hits you but does no damage. x2
Wastatys sneers, "Thy eyes shall be my breakfast!"
Wastatys gestures.
Dudya hits you but does no damage.
Miof blinks!
Your orc warrior completely misses Wastatys.
The quicksilver dragon bites you!
You die...

▓.........▓.......▓
▓▓▓▓▓▓▓▓▓▓▓▓▓▓▓▓▓▓▓▓▓
▓...8©8...▓...8©8...▓
▓..::=[|..▓..}o))...▓
▓..:|))\..▓...ooo:..▓
▓...3.....▓.........▓
▓..3&4D...▓.........▓
▓.§&21D...▓.........▓
▓2oo@&4D..▓...).....▓
▓....D....▓.▓..)).▓.▓
▓&▓..4oD▓.▓...†.)...▓
▓.........▓▓▓▓▓▓▓▓▓▓▓
▓▓▓▓▓▓▓▓▓▓▓


You could see Dudya, Efooggaxt, Miof, Wastatys, 2 fire dragons, 2 ice dragons, a
quicksilver dragon, a reaper, a balrug, an Executioner, a sun demon, an ice
devil, a smoke demon, a chaos spawn, a friendly orc knight, a friendly ice
devil, a friendly orc warrior and the friendly Warbeogh the orc priest.

Vanquished Creatures
  A black mamba (D)
  2 naga magi (D)
  A hornet (D)
  A jumping spider (D)
  A polar bear (D)
  2 hippogriffs (D)
  An air elemental (D)
  4 spriggans (D)
  3 insubstantial wisps (D)
  A naga (D)
  A porcupine (D)
  A black bear (D)
  An ice beast (D)
  A phantom (D)
  A wolf (D)
  A centaur (D)
  A bullfrog (D)
  4 scorpions (D)
  A wight (D)
  2 quasits (D)
  An iguana (D)
  An adder (D)
  A river rat (D)
  A white imp (D)
  An adder skeleton (D)
  A bat zombie (D)
  3 jackals (D)
  A ball python zombie (D)
  2 giant cockroach zombies (D)
  A jackal skeleton (D)
44 creatures vanquished.

Vanquished Creatures (collateral kills)
  An ice devil (D)
  3 merfolk (D)
  2 spriggans (D)
  A water moccasin (D)
  A wolf (D)
  A centaur (D)
  A scorpion (D)
  An ufetubus (D)
  A bat zombie (D)
12 creatures vanquished.

Vanquished Creatures (others)
  An orc warrior (D)
  2 orc wizards (D)
3 creatures vanquished.

Grand Total: 59 creatures vanquished

Notes
Turn   | Place    | Note
-------+----------+-------------------------------------------
     0 | D        | LORDOFBUTT the Hill Orc Monk began the quest for the Orb.
     0 | D        | Reached XP level 1. HP: 19/19 MP: 1/1
     2 | D        | Found a blossoming altar of Fedhas.
     5 | D        | Found a deep blue altar of Sif Muna.
     5 | D        | Found a sacrificial altar of Ru.
     5 | D        | Found a bloodstained altar of Trog.
     5 | D        | Found a stormy altar of Qazlal.
     5 | D        | Found an iron altar of Okawaru.
     5 | D        | Found a sparkling altar of Nemelex Xobeh.
     7 | D        | Found an ancient bone altar of Kikubaaqudgha.
     7 | D        | Found a viscous altar of Jiyva.
     7 | D        | Found a corrupted altar of Lugonu.
     7 | D        | Found a hazy altar of Hepliaklqana.
     7 | D        | Found a burning altar of Makhleb.
     7 | D        | Found an opulent altar of Gozag.
    81 | D        | Became a worshipper of Beogh the Brigand
    81 | D        | Reached * piety under Beogh
    81 | D        | Reached ** piety under Beogh
   114 | D        | Entered arena 1.
   114 | D        | Noticed a porcupine
   116 | D        | Killed a porcupine
   116 | D        | Reached skill level 8 in Axes
   116 | D        | Reached XP level 2. HP: 34/34 MP: 2/2
   116 | D        | Reached XP level 3. HP: 39/39 MP: 3/3
   116 | D        | Reached XP level 4. HP: 47/47 MP: 4/4
   131 | D        | Entered arena 2.
   131 | D        | Noticed an ice beast
   131 | D        | Noticed a polar bear
   135 | D        | Reached XP level 5. HP: 39/52 MP: 5/5
   135 | D        | Killed an ice beast
   135 | D        | Reached *** piety under Beogh
   135 | D        | Reached skill level 9 in Axes
   135 | D        | Reached skill level 5 in Dodging
   136 | D        | Killed a polar bear
   136 | D        | Reached skill level 10 in Fighting
   136 | D        | Reached skill level 11 in Axes
   136 | D        | Reached skill level 1 in Armour
   136 | D        | Reached XP level 6. HP: 48/66 MP: 6/6
   227 | D        | Entered arena 3.
   227 | D        | Noticed an insubstantial wisp
   227 | D        | Noticed an air elemental
   227 | D        | Noticed an insubstantial wisp
   227 | D        | Noticed an insubstantial wisp
   230 | D        | Killed an air elemental
   230 | D        | Reached skill level 12 in Axes
   230 | D        | Reached XP level 7. HP: 73/73 MP: 7/7
   231 | D        | Killed an insubstantial wisp
   231 | D        | Reached skill level 13 in Axes
   233 | D        | Killed an insubstantial wisp
   233 | D        | Reached **** piety under Beogh
   239 | D        | Killed an insubstantial wisp
   239 | D        | Reached skill level 14 in Axes
   239 | D        | Reached XP level 8. HP: 66/83 MP: 8/8
   244 | D        | Entered arena 4.
   251 | D        | Reached ***** piety under Beogh
   434 | D        | Got the ring of Dyanykkeemy {rF++ Str+2 Int+3 Dex-4 Stlth+}
   443 | D        | Identified the Guide on Aerial Evil (You found it in the Dungeon)
   451 | D        | Entered arena 5.
   470 | D        | Entered arena 6.
   470 | D        | Noticed a naga mage
   470 | D        | Noticed a naga mage
   470 | D        | Noticed a black mamba
   475 | D        | Killed a black mamba
   475 | D        | Reached skill level 15 in Axes
   477 | D        | Reached skill level 1 in Invocations
   479 | D        | Reached ****** piety under Beogh
   480 | D        | Killed a naga mage
   480 | D        | Reached skill level 16 in Axes
   480 | D        | Reached XP level 9. HP: 37/93 MP: 6/10
   481 | D        | Killed a naga mage
   810 | D        | Got the ring "Yhustrei" {Ice rPois Str-3 Int+6 Dex+2}
   817 | D        | Entered arena 7.
   817 | D        | Noticed a jumping spider
   824 | D        | Killed a jumping spider
   824 | D        | Reached skill level 17 in Axes
   824 | D        | Reached skill level 5 in Armour
   826 | D        | Noticed a red devil
  1095 | D        | Entered arena 8.
  1095 | D        | Noticed a merfolk
  1095 | D        | Noticed a merfolk
  1095 | D        | Noticed a merfolk
  1105 | D        | Killed a merfolk
  1108 | D        | Killed a merfolk
  1108 | D        | Reached skill level 18 in Axes
  1108 | D        | Reached XP level 10. HP: 45/104 MP: 1/12
  1336 | D        | Entered arena 9.
  1341 | D        | Noticed a sun demon
  1370 | D        | Entered arena 10.
  1370 | D        | Noticed a spriggan rider
  1386 | D        | Killed a spriggan rider
  1386 | D        | Reached skill level 15 in Fighting
  1386 | D        | Reached skill level 19 in Axes
  1387 | D        | Gained Warbeogh as an ally
  1589 | D        | Entered arena 11.
  1589 | D        | Noticed Wastatys the pandemonium lord
  1589 | D        | Noticed a smoke demon
  1589 | D        | Noticed a reaper
  1589 | D        | Noticed Efooggaxt the pandemonium lord
  1590 | D        | Noticed Dudya the pandemonium lord
  1591 | D        | Noticed a sun demon
  1591 | D        | Noticed Miof the pandemonium lord
  1591 | D        | Noticed an Executioner
  1593 | D        | Noticed a quicksilver dragon
  1593 | D        | Reached skill level 5 in Invocations
  1594 | D        | Noticed an ice dragon
  1594 | D        | Noticed an ice dragon
  1596 | D        | Noticed a fire dragon
  1596 | D        | Noticed a fire dragon
  1596 | D        | HP: 1/105 [Executioner (10)]
  1596 | D        | Mangled by a quicksilver dragon

Skill      XL: |  1  2  3  4  5  6  7  8  9 10 |
---------------+-------------------------------+-----
Fighting       | 7 10 11 13 14 15 | 15.3
Axes           | 8 11 12 14 16 18 19 | 19.2
Dodging        | 4 6 7 8 |  8.2
Stealth        | 2 3 4 |  4.1
Armour         | 1 2 4 7 9 |  9.7
Invocations    | 1 3 5 |  5.0

Action                   |  1- 3 |  4- 6 |  7- 9 | 10-12 || total
-------------------------+-------+-------+-------+-------++-------
Melee: Broad axe         |     1 |     5 |    42 |    27 ||    75
Invok: Recall Orcish Fol |       |       |     5 |     3 ||     8
       Smiting           |       |       |     1 |     1 ||     2
       Resurrection      |       |       |       |     1 ||     1
  Use: Scroll            |       |     4 |       |       ||     4
       Potion            |       |       |       |     1 ||     1
 Stab: Distracted        |       |       |     2 |       ||     2
  Eat: Fruit             |       |       |       |     8 ||     8
Armor: Gold dragon scale |     1 |    15 |    53 |    32 ||   101
Dodge: Dodged            |       |     2 |    31 |    11 ||    44
